 Dungeon Crawl Stone Soup version 0.31.0 (webtiles) character file.

Game seed: 16481535787499822166

98 qw the Shooter (level 4, -1/28 HPs)
             Began as a Gargoyle Hunter on Jan 19, 2024.
             Slain by Natasha (3 damage)
             ... on level 3 of the Dungeon.
             The game lasted 00:00:06 (1477 turns).

qw the Shooter (Gargoyle Hunter)                    Turns: 1477, Time: 00:00:07

Health: -1/28      AC: 10    Str: 14    XL:     4   Next: 69%
Magic:  4/4        EV: 10    Int: 10    God:
Gold:   83         SH:  0    Dex: 15    Spells: 3/3 levels left

rFire   + . .        a - +0 shortbow
rCold   . . .        (shield currently unavailable)
rNeg    + . .        h - +0 ring mail {rF+}
rPois   inf          c - +2 hat
rElec   +            (no cloak)
rCorr   .            (no gloves)
SInv    .            (no boots)
Will    .....        (no amulet)
Stlth   +            (no ring)
HPRegen 0.24/turn    (no ring)
MPRegen 0.09/turn

%: no passive effects
@: slowed, very slow
A: sickness immunity, AC +3, negative energy resistance 1, electricity
resistance, torment resistance 1, petrification resistance
a: no special abilities


You were on level 3 of the Dungeon.
You visited 1 branch of the dungeon, and saw 3 of its levels.

You collected 83 gold pieces.


Innate Abilities, Weirdness & Mutations

You are immune to sickness and miasma.
Your stone body is resilient. (AC +3)
You are immune to poison.
You resist negative energy. (rN+)
You are resistant to electric shocks. (rElec)
You are resistant to unholy torment.
You are immune to petrification.


   Skills:
 - Level 3.2 Fighting
 + Level 5.3 Ranged Weapons
 - Level 1.1 Armour
 - Level 1.5 Dodging
 - Level 1.1 Stealth


You had 3 spell levels left.
You didn't know any spells.
Your spell library was empty.

Inventory:

Hand Weapons
 a - a +0 shortbow (weapon)
Armour
 c - a +2 hat (worn)
 h - a +0 ring mail of fire resistance (worn)
Wands
 d - a wand of polymorph (12)
 k - a wand of flame (25) (quivered)
Potions
 e - 2 potions of curing
 j - a potion of attraction {unknown}

Dungeon Overview and Level Annotations

Branches:
Dungeon (3/15)

Altars:

Annotations:
D:3 Natasha


Message History

The adder closely misses you.
You shoot an arrow. The arrow hits the adder!
You kill the adder!
The rat barely misses you.
Natasha hisses.
You shoot an arrow. The arrow closely misses Natasha.
Natasha claws you! The rat bites you.
You shoot an arrow. The arrow hits Natasha.
Natasha is moderately wounded.
The rat closely misses you. Natasha claws you. The rat bites you.
Natasha claws you but does no damage.
You shoot an arrow.
The arrow hits Natasha but does no damage.
Natasha is moderately wounded.
Natasha claws you. The rat bites you but does no damage.
You shoot an arrow. The arrow hits Natasha.
Natasha is moderately wounded.
Natasha closely misses you. The rat bites you.
You shoot an arrow. The arrow barely misses Natasha.
The rat bites you. Natasha claws you.
You shoot an arrow. The arrow barely misses Natasha.
The rat barely misses you. Natasha casts a spell at you.
You feel yourself slow down.
1476 ||| ZAPPING wand of flame (27) at 0,-1 (Natasha; floor).
Aiming: Throw Flame
Press: ? - help, Q - select action, (/) - cycle Shift-Dir - straight line, f/p - Natasha The puff of flame misses Natasha.
The rat bites you but does no damage. Natasha casts a spell at you.
The magic dart hits you but does no damage.
The rat bites you. Natasha claws you but does no damage.
1477 ||| ZAPPING wand of flame (26) at 0,-1 (Natasha; floor).
Aiming: Throw Flame
Press: ? - help, Q - select action, (/) - cycle Shift-Dir - straight line, f/p - Natasha The puff of flame hits Natasha!
Natasha is almost dead.
The rat closely misses you. Natasha claws you.
You die...
Natasha begins licking her fur clean.

##..... ..
........#.#
........#.#
........#!#
........#.#
.........#
......rh.#
#..@.#
#####....#
#<..'....#
#####....#
#....#
#....#
#....#
#......
#.......


You could see Natasha and a rat.

Vanquished Creatures
  4 adders
  A dart slug (D:2)
  2 ribbon worms (D:2)
  6 endoplasms
  2 giant cockroaches
  7 goblins
  6 hobgoblins
  2 quokkas (D:1)
  7 ball pythons
  3 bats
  4 frilled lizards
  4 kobolds
  5 rats
53 creatures vanquished.

Notes
Turn   | Place    | Note
-------+----------+-------------------------------------------
     0 | D:1      | qw the Gargoyle Hunter began the quest for the Orb.
     0 | D:1      | Reached XP level 1. HP: 12/12 MP: 1/1
     0 | D:1      | 0 ||| qw: Version: 0.3-a-132-g3d54051
     0 | D:1      | 0 ||| qw: Game counter: 376
     0 | D:1      | 0 ||| qw: Melee chars always use a shield: true
     0 | D:1      | 0 ||| qw: God list: Okawaru
     0 | D:1      | 0 ||| qw: Allow faded altars: false
     0 | D:1      | 0 ||| qw: Do Orc after clearing Dungeon:15 true
     0 | D:1      | 0 ||| qw: Do second Lair branch before Depths: true
     0 | D:1      | 0 ||| qw: Lair rune preference: random
     0 | D:1      | 0 ||| qw: Goals: Normal
     0 | D:1      | 0 ||| PLANNING D:1-11
   125 | D:1      | Found a faded altar of an unknown god.
   261 | D:1      | Reached XP level 2. HP: 17/17 MP: 2/2
   724 | D:1      | Reached XP level 3. HP: 21/21 MP: 3/3
   860 | D:1      | 860 ||| READING scroll labelled FISUCW NUQE.
   860 | D:1      | 860 ||| IDENTIFYING inky potion
   861 | D:1      | 861 ||| DROPPING scroll of butterflies.
   936 | D:2      | Reached skill level 5 in Ranged Weapons
   938 | D:2      | 938 ||| STAIRDANCE
   950 | D:2      | 950 ||| STAIRDANCE
   974 | D:2      | 974 ||| STAIRDANCE
   982 | D:2      | 982 ||| STAIRDANCE
  1085 | D:2      | 1085 ||| UPGRADING to +0 ring mail of fire resistance.
  1091 | D:2      | Reached skill level 3 in Fighting
  1091 | D:2      | Reached XP level 4. HP: 28/28 MP: 4/4
  1102 | D:2      | 1102 ||| UPGRADING to +0 ring mail of fire resistance.
  1112 | D:2      | 1112 ||| DROPPING +0 leather armour.
  1124 | D:2      | 1124 ||| UPGRADING to +2 hat.
  1243 | D:2      | Reached skill level 1 in Armour
  1435 | D:2      | 1435 ||| READING 2 scrolls of identify.
  1435 | D:2      | 1435 ||| IDENTIFYING fizzy grey potion
  1436 | D:2      | 1436 ||| READING scroll of identify.
  1436 | D:2      | 1436 ||| IDENTIFYING red potion
  1437 | D:2      | 1437 ||| READING scroll labelled GYNEME QONATO.
  1438 | D:2      | 1438 ||| DROPPING potion of degeneration.
  1439 | D:2      | 1439 ||| DROPPING potion of invisibility.
  1465 | D:3      | Noticed Natasha
  1474 | D:3      | HP: 3/28 [Natasha (5)]
  1476 | D:3      | 1476 ||| ZAPPING wand of flame (27) at 0,-1 (Natasha;
                  | floor).
  1476 | D:3      | HP: 1/28 [rat (2)]
  1477 | D:3      | 1477 ||| ZAPPING wand of flame (26) at 0,-1 (Natasha;
                  | floor).
  1477 | D:3      | Slain by Natasha

Levels and vault maps discovered:
D:1:      nicolae_arrival_washed_ashore, layout_basic,
          dreamdust_ecumenical_altar_statues
D:2:      layout_rooms, minmay_misc_feat_encased, minmay_pentomino_x4
D:3:      layout_basic, mainiacjoe_overflow_surrounded_room, fedhas_altar_4,
          serial_curves, eino_curves_01, eino_curves_03, eino_curves_02,
          eino_curves_03, minivault_25, cheibrodos_gnoll_hut, uniq_natasha

Skill      XL: |  1  2  3  4 |
---------------+-------------+-----
Ranged Weapons | 5 |  5.3
Fighting       | 3 |  3.2
Armour         | 1 |  1.1
Dodging        | |  1.5
Stealth        | |  1.1

Action                     |  1- 3 |  4- 6 || total
---------------------------+-------+-------++-------
   Fire: Shortbow          |   111 |    44 ||   155
  Evoke: Wand              |       |     2 ||     2
    Use: Scroll            |     1 |     3 ||     4
 Armour: Leather armour    |    22 |       ||    22
         Ring mail         |       |    19 ||    19
  Dodge: Dodged            |    27 |    16 ||    43

Table legend:
 A = Non-vault XP
 B = Vault XP
 C = Vault XP percentage of total XP
 D = Non-vault monster count
 E = Vault monster count
 F = Vault count percentage of total count
                 A         B        C        D         E       F
            +---------+---------+-------+---------+---------+-------
      Total |     129 |      11 |   7.9 |      48 |       5 |   9.4
            +---------+---------+-------+---------+---------+-------
        D:1 |      45 |       0 |   0.0 |      28 |       0 |   0.0
        D:2 |      71 |      11 |  13.4 |      19 |       5 |  20.8
        D:3 |      13 |       0 |   0.0 |       1 |       0 |   0.0
            +---------+---------+-------+---------+---------+-------
